Rangers vs Islanders

Created - November 19, 2016 at 10:17

Goals
1 2 3 T
Rangers 2 0 2 4
Islanders 2 3 1 6
Shots
1 2 3 T
Rangers 12 6 9 27
Islanders 10 13 14 37

1st period

1. Rangers , Benoit Pouliot 7 (Connor McDavid) at 0:17 (PP)
2. Rangers , Tomas Tatar 4 (Karl Alzner, Connor McDavid) at 11:44
3. Islanders , Tyler Bozak 7 (Brandon Davidson, Patrick Sharp) at 12:54 (PP)
4. Islanders , Shawn Horcoff 2 (Colin Wilson, Pierre-Alexandr Parenteau) at 15:53

Penalties :
Shane Doan (NYI) for Tripping (Minor) at 0:11, Brad Richards (NYR) for Hooking (Minor) at 12:02

2nd period

5. Islanders , David Legwand 2 (Andy Greene, Brandon Davidson) at 4:30
6. Islanders , Luca Sbisa 1 (Pierre-Alexandr Parenteau, Colin Wilson) at 7:49 (PP)
7. Islanders , Patrick Sharp 12 (Tyler Bozak, Shane Doan) at 17:46 (PP)

Penalties :
Craig Smith (NYR) for Hooking (Minor) at 7:16, Matt Calvert (NYR) for Interference (Minor) at 11:33, Karl Alzner (NYR) for Roughing (Minor) at 17:24

3rd period

8. Rangers , Fredrik Claesson 2 (Craig Smith, Cedric Paquette) at 4:02 (PP)
9. Rangers , Brad Richards 2 (Fredrik Claesson, Kris Russell) at 4:51 (PP)
10. Islanders , Tyler Bozak 8 (Shane Doan, Andy Greene) at 14:23 (PP)

Penalties :
Luca Sbisa (NYI) for Tripping (Minor) at 0:43, Luca Sbisa (NYI) for Fighting (Major) at 3:06, Chris Tanev (NYR) for Fighting (Major) at 3:06, Patrick Sharp (NYI) for Fighting (Major) at 3:06, Jaromir Jagr (NYR) for Fighting (Major) at 3:06, Patrick Sharp (NYI) for instigated a fight (Game Misconduct) at 3:06, Mark Fayne (NYI) for Cross-checking (Minor) at 3:06, Benoit Pouliot (NYR) for Roughing (Minor) at 3:06, Shane Doan (NYI) for High sticking (Double Minor) at 3:06, Tyler Ennis (NYR) for High sticking (Minor) at 13:26, Fredrik Claesson (NYR) for Cross-checking (Minor) at 17:44

Goalie Stats

Scott Darling (NYR), 14 saves from 18 shots - (0.778), 27:49 minutes
Brian Elliott (NYR), 17 saves from 19 shots - (0.895), L, 6-13-0, 32:11 minutes
Braden Holtby (NYI), 23 saves from 27 shots - (0.852), W, 8-7-2, 60:00 minutes

Players Stats for Rangers

Player Name              G  A  P  +/- PIM S  H  SB GA TA FO     MP     PP MP  PK MP  
------------------------------------------------------------------------------------
Alex Goligoski           0  0  0   1  0   0  2  3  0  0  0/0    26:41   2:46   3:16 
Benoit Pouliot           1  0  1  -1  2   6  0  0  0  0  3/8    18:46   2:03   1:00 
Brad Richards            1  0  1   0  2   2  0  0  0  0  17/32  19:45   1:03   0:50 
Cedric Paquette          0  1  1  -1  0   0  0  0  0  0  2/9    13:22   2:04   0:58 
Chris Tanev              0  0  0  -1  5   0  1  2  0  0  0/0    18:36   0:58   2:54 
Connor McDavid           0  2  2   1  0   2  1  0  0  0  16/35  22:43   2:47   0:58 
Craig Smith              0  1  1   1  2   2  3  0  0  0  2/2    20:56   2:05   0:00 
Fredrik Claesson         1  1  2  -1  2   2  0  0  0  0  0/0    14:53   2:38   0:00 
Jaromir Jagr             0  0  0   0  5   1  1  1  0  0  4/10   18:25   0:58   4:54 
Joel Edmundson           0  0  0  -1  0   0  3  1  0  0  0/0    13:43   1:23   0:00 
Karl Alzner              0  1  1   1  2   2  1  2  0  0  0/0    23:53   0:00   3:26 
Kris Russell             0  1  1  -1  0   1  0  2  0  0  0/0    22:11   2:45   3:48 
Matt Calvert             0  0  0  -2  2   3  0  1  0  0  1/2    17:12   2:35   3:54 
Mikael Backlund          0  0  0   0  0   1  0  0  0  0  0/0     4:58   0:00   0:00 
Nick Schultz             0  0  0   0  0   0  0  0  0  0  0/0     0:00   0:00   0:00 
Sean Couturier           0  0  0   0  0   1  0  0  0  0  2/3     2:52   0:00   0:00 
Tomas Tatar              1  0  1   1  0   3  0  0  0  0  0/0    21:52   2:10   0:50 
Tyler Ennis              0  0  0  -2  2   1  0  0  0  0  0/1    11:32   0:00   0:00 

Players Stats for Islanders

Player Name              G  A  P  +/- PIM S  H  SB GA TA FO     MP     PP MP  PK MP  
------------------------------------------------------------------------------------
Andy Andreoff            0  0  0   0  0   0  0  0  0  0  10/15  10:43   3:41   0:24 
Andy Greene              0  2  2   1  0   2  1  2  0  0  0/0    23:06   2:47   3:07 
Brandon Davidson         0  2  2   1  0   0  2  1  0  0  0/0    23:35   2:47   2:51 
Colin Wilson             0  2  2   1  0   2  0  0  0  0  1/2    18:00   3:19   0:00 
David Legwand            1  0  1   0  0   1  0  0  0  0  1/2     8:56   0:00   2:18 
Erik Condra              0  0  0   0  0   1  0  0  0  0  0/0    10:29   0:32   2:10 
Josh Anderson            0  0  0   0  0   0  1  0  0  0  0/1     6:38   0:00   0:00 
Josh Manson              0  0  0   0  0   1  4  0  0  0  0/0    21:45   3:55   1:19 
Luca Sbisa               1  0  1   0  7   2  0  0  0  0  0/0    12:51   3:55   0:00 
Mark Fayne               0  0  0   0  2   1  0  2  0  0  0/0    15:33   0:00   2:03 
Mike Angelidis           0  0  0   0  0   2  1  0  0  0  0/2    12:26   0:00   0:16 
Nate Thompson            0  0  0   0  0   0  0  0  0  0  9/16    9:44   0:00   1:57 
Niklas Hjalmarsson       0  0  0   0  0   1  0  1  0  0  0/0    23:07   0:00   2:48 
Patrick Sharp            1  1  2   0  17  3  0  1  0  0  0/0    15:33   1:49   0:00 
Pierre-Alexandr Parentea 0  2  2   1  0   4  1  0  0  0  2/5    18:40   3:59   0:00 
Shane Doan               0  2  2   0  6   3  1  0  0  0  1/1    21:29   3:23   0:00 
Shawn Horcoff            1  0  1   1  0   2  0  1  0  0  18/28  17:59   0:00   3:18 
Tyler Bozak              2  1  3   0  0   12 0  0  0  0  13/30  21:31   3:23   0:00 

3 Stars

1 - Tyler Bozak (NYI)
2 - Brandon Davidson (NYI)
3 - Andy Greene (NYI)

Power Play

Rangers - 3 on 5 Attempt(s) - 60.00%
Islanders - 4 on 6 Attempt(s) - 66.67%

Penalty Kill

Rangers - 2 on 6 Attempt(s) - 33.33% - Score 0 goal in Penalty Kill
Islanders - 2 on 5 Attempt(s) - 40.00% - Score 0 goal in Penalty Kill

Team Stat

Rangers - Hits : 12 - Faceoff Wins : 47 - Blocked Shots : 12 - Penalty Minutes : 24
Islanders - Hits : 11 - Faceoff Wins : 55 - Blocked Shots : 8 - Penalty Minutes : 32

Official

Referees : Tim Peel and Wes McCauley
Linesman : Brian Murphy and Mark Wheler

Game Notes

Sean Couturier is injured at 10:06 of 1st period (Lower Body)
Brian Elliott enters game at 7:49 of 2nd period
General Fight at 3:06 of 3rd period
Luca Sbisa and Chris Tanev fight to a draw at 3:06 of 3rd period
Patrick Sharp and Jaromir Jagr fight to a draw at 3:06 of 3rd period
Patrick Sharp ejected from game at 3:06 of 3rd period

Finance

Level 1 -- Attendance: 6000 (100.00%) -- Ticket Income $678,000
Level 2 -- Attendance: 4505 (90.10%) -- Ticket Income $351,390
Level 3 -- Attendance: 2000 (100.00%) -- Ticket Income $144,000
Level 4 -- Attendance: 1795 (100.00%) -- Ticket Income $91,545
Luxury Box -- Attendance: 1000 (100.00%) -- Ticket Income $176,000
Game was played at the Barclays Center.
Total Attendance: 15300 (96.87%)
Total Ticket Income: $1,440,935
Other Income: $216,140
Total Income: $1,657,075

% Time on Ice - Rangers

Lines # - Real PCT - Wanted PCT - Time Play
Normal Forward
1 - 40% - 40% - 18:52
2 - 27% - 30% - 12:40
3 - 23% - 20% - 10:44
4 - 11% - 10% - 4:58
Normal Defense
1 - 39% - 40% - 18:25
2 - 33% - 30% - 15:23
3 - 24% - 20% - 11:23
4 - 4% - 10% - 2:03
PP Forward
1 - 73% - 60% - 3:50
2 - 27% - 40% - 1:25
PP Defense
1 - 79% - 60% - 4:08
2 - 21% - 40% - 1:07
PK Forward
1 - 86% - 60% - 5:44
2 - 14% - 40% - 0:58
PK Defense
1 - 57% - 60% - 3:48
2 - 43% - 40% - 2:54
PK3 Forward
1 - 0% - 60%
2 - 0% - 40%
PK3 Defense
1 - 0% - 60%
2 - 0% - 40%
44 Forward
1 - 100% - 60% - 0:49
2 - 0% - 40% - 0:00
44 Defense
1 - 0% - 60% - 0:00
2 - 100% - 40% - 0:49
Last Minute Offensive  - 0:00
Last Minute Defensive  - 0:00
Total
Forward - 60:00
Defense - 60:00

% Time on Ice - Islanders

Lines # - Real PCT - Wanted PCT - Time Play
Normal Forward
1 - 38% - 36% - 18:08
2 - 31% - 32% - 14:41
3 - 16% - 20% - 7:47
4 - 14% - 12% - 6:38
Normal Defense
1 - 35% - 37% - 16:31
2 - 36% - 35% - 17:12
3 - 21% - 20% - 9:43
4 - 8% - 8% - 3:48
PP Forward
1 - 50% - 60% - 3:23
2 - 50% - 40% - 3:19
PP Defense
1 - 58% - 60% - 3:55
2 - 42% - 40% - 2:47
PK Forward
1 - 56% - 55% - 2:26
2 - 44% - 45% - 1:53
PK Defense
1 - 41% - 55% - 1:46
2 - 59% - 45% - 2:33
PK3 Forward
1 - 90% - 60% - 1:35
2 - 10% - 40% - 0:10
PK3 Defense
1 - 53% - 60% - 0:56
2 - 47% - 40% - 0:49
44 Forward
1 - 0% - 60%
2 - 0% - 40%
44 Defense
1 - 0% - 60%
2 - 0% - 40%
Last Minute Offensive  - 0:00
Last Minute Defensive  - 0:00
Total
Forward - 60:00
Defense - 60:00

Play by Play

1st period


0:01 of 1st period - Tyler Bozak wins face-off versus Connor McDavid in neutral zone.
0:11 of 1st period - Minor Penalty to Shane Doan for Tripping.
0:12 of 1st period - Connor McDavid wins face-off versus Shawn Horcoff in Islanders zone.
0:17 of 1st period - Shot by Connor McDavid.
0:17 of 1st period - Deflect By Benoit Pouliot.
0:17 of 1st period - Goal by Benoit Pouliot - Rangers : 1 - Islanders : 0.
0:18 of 1st period - Brad Richards wins face-off versus Shawn Horcoff in neutral zone.
0:35 of 1st period - Shot by Jaromir Jagr.
0:35 of 1st period - Shot Misses the Net.
0:43 of 1st period - Andy Greene is hit by Jaromir Jagr and loses puck.
2:24 of 1st period - Icing by Alex Goligoski.
2:25 of 1st period - Connor McDavid wins face-off versus Andy Andreoff in Rangers zone.
4:07 of 1st period - Shot by Nate Thompson.
4:07 of 1st period - Shot Blocked by Matt Calvert.
4:36 of 1st period - Off-side.
4:37 of 1st period - Brad Richards wins face-off versus Shawn Horcoff in neutral zone.
4:53 of 1st period - Shot by Pierre-Alexandr Parenteau.
4:53 of 1st period - Stopped by Scott Darling without a rebound.
4:54 of 1st period - Brad Richards wins face-off versus Tyler Bozak in Rangers zone.
5:17 of 1st period - Shot by Benoit Pouliot.
5:17 of 1st period - Shot Misses the Net.
6:08 of 1st period - Shot by Colin Wilson.
6:08 of 1st period - Stopped by Scott Darling without a rebound.
6:09 of 1st period - Shawn Horcoff wins face-off versus Connor McDavid in Rangers zone.
6:28 of 1st period - Shot by Craig Smith.
6:28 of 1st period - Shot Misses the Net.
6:30 of 1st period - Shot by Karl Alzner.
6:30 of 1st period - Stopped by Braden Holtby without a rebound.
6:31 of 1st period - Sean Couturier wins face-off versus Nate Thompson in Islanders zone.
6:54 of 1st period - Shot by Tyler Ennis.
6:54 of 1st period - Stopped by Braden Holtby without a rebound.
6:55 of 1st period - Shawn Horcoff wins face-off versus Brad Richards in Islanders zone.
7:04 of 1st period - Shot by Mikael Backlund.
7:04 of 1st period - Stopped by Braden Holtby without a rebound.
7:05 of 1st period - Tyler Bozak wins face-off versus Connor McDavid in Islanders zone.
7:31 of 1st period - Icing by Alex Goligoski.
7:32 of 1st period - Shawn Horcoff wins face-off versus Connor McDavid in Rangers zone.
7:37 of 1st period - Shot by Pierre-Alexandr Parenteau.
7:37 of 1st period - Shot Misses the Net.
7:45 of 1st period - Shot by Karl Alzner.
7:45 of 1st period - Stopped by Braden Holtby without a rebound.
7:46 of 1st period - Brad Richards wins face-off versus Nate Thompson in Islanders zone.
8:03 of 1st period - Shot by Benoit Pouliot.
8:03 of 1st period - Stopped by Braden Holtby without a rebound.
8:04 of 1st period - Shawn Horcoff wins face-off versus Sean Couturier in Islanders zone.
8:09 of 1st period - Shot by Pierre-Alexandr Parenteau.
8:09 of 1st period - Shot Blocked by Alex Goligoski.
8:40 of 1st period - Shot by Sean Couturier.
8:40 of 1st period - Stopped by Braden Holtby without a rebound.
8:41 of 1st period - Brad Richards wins face-off versus Nate Thompson in Islanders zone.
8:47 of 1st period - Mikael Backlund is hit by Josh Manson and loses puck.
9:19 of 1st period - Brad Richards is hit by Josh Manson and loses puck.
9:22 of 1st period - Shot by Cedric Paquette.
9:22 of 1st period - Shot Blocked by Niklas Hjalmarsson.
9:47 of 1st period - Shot by Tomas Tatar.
9:47 of 1st period - Stopped by Braden Holtby without a rebound.
9:48 of 1st period - Shawn Horcoff wins face-off versus Tyler Ennis in Islanders zone.
10:04 of 1st period - Icing by Sean Couturier.
10:05 of 1st period - Sean Couturier wins face-off versus Tyler Bozak in Rangers zone.
10:05 of 1st period - Sean Couturier is hit by Shane Doan.
10:06 of 1st period - Sean Couturier from Rangers is injured at 10:06 of 1st period (Lower Body).
10:07 of 1st period - Tyler Bozak wins face-off versus Connor McDavid in Rangers zone.
10:24 of 1st period - Shot by Connor McDavid.
10:24 of 1st period - Shot Misses the Net.
10:26 of 1st period - Shot by Tomas Tatar.
10:26 of 1st period - Shot Misses the Net.
10:30 of 1st period - Shot by Connor McDavid.
10:30 of 1st period - Stopped by Braden Holtby without a rebound.
10:31 of 1st period - Shawn Horcoff wins face-off versus Brad Richards in Islanders zone.
10:59 of 1st period - Icing by Shawn Horcoff.
11:00 of 1st period - Shawn Horcoff wins face-off versus Connor McDavid in Islanders zone.
11:04 of 1st period - Off-side.
11:05 of 1st period - Andy Andreoff wins face-off versus Connor McDavid in neutral zone.
11:14 of 1st period - Shot by David Legwand.
11:14 of 1st period - Shot Misses the Net.
11:30 of 1st period - Shot by Connor McDavid.
11:30 of 1st period - Shot Misses the Net.
11:36 of 1st period - Shot by Connor McDavid.
11:36 of 1st period - Shot Misses the Net.
11:38 of 1st period - Shot by Karl Alzner.
11:38 of 1st period - Shot Blocked by Andy Greene.
11:42 of 1st period - Shot by Tomas Tatar.
11:42 of 1st period - Shot Misses the Net.
11:44 of 1st period - Shot by Tomas Tatar.
11:44 of 1st period - Goal by Tomas Tatar - Rangers : 2 - Islanders : 0.
11:45 of 1st period - Tyler Bozak wins face-off versus Brad Richards in neutral zone.
12:02 of 1st period - Minor Penalty to Brad Richards for Hooking.
12:03 of 1st period - Andy Andreoff wins face-off versus Jaromir Jagr in Rangers zone.
12:16 of 1st period - Shot by Jaromir Jagr.
12:16 of 1st period - Stopped by Braden Holtby without a rebound.
12:17 of 1st period - Jaromir Jagr wins face-off versus Tyler Bozak in Islanders zone.
12:52 of 1st period - Shot by Brandon Davidson.
12:52 of 1st period - Shot Misses the Net.
12:54 of 1st period - Shot by Tyler Bozak.
12:54 of 1st period - Goal by Tyler Bozak - Rangers : 2 - Islanders : 1.
12:55 of 1st period - Connor McDavid wins face-off versus Pierre-Alexandr Parenteau in neutral zone.
13:26 of 1st period - Shot by Pierre-Alexandr Parenteau.
13:26 of 1st period - Deflect By Shawn Horcoff.
13:26 of 1st period - Shot Misses the Net.
14:05 of 1st period - Tomas Tatar is hit by Mike Angelidis and loses puck.
14:44 of 1st period - Shot by Shane Doan.
14:44 of 1st period - Stopped by Scott Darling with a rebound.
14:46 of 1st period - Shot by Patrick Sharp.
14:46 of 1st period - Stopped by Scott Darling without a rebound.
14:47 of 1st period - Andy Andreoff wins face-off versus Benoit Pouliot in Rangers zone.
14:50 of 1st period - Shot by Josh Anderson.
14:50 of 1st period - Shot Misses the Net.
14:52 of 1st period - Shot by Andy Greene.
14:52 of 1st period - Shot Misses the Net.
15:06 of 1st period - Shot by David Legwand.
15:06 of 1st period - Shot Blocked by Kris Russell.
15:08 of 1st period - Shot by Andy Greene.
15:08 of 1st period - Stopped by Scott Darling without a rebound.
15:09 of 1st period - Brad Richards wins face-off versus Tyler Bozak in Rangers zone.
15:29 of 1st period - Shot by Tyler Bozak.
15:29 of 1st period - Stopped by Scott Darling without a rebound.
15:30 of 1st period - Shawn Horcoff wins face-off versus Benoit Pouliot in Rangers zone.
15:51 of 1st period - Shot by Pierre-Alexandr Parenteau.
15:51 of 1st period - Deflect By Colin Wilson.
15:51 of 1st period - Shot Blocked by Chris Tanev.
15:53 of 1st period - Shot by Shawn Horcoff.
15:53 of 1st period - Goal by Shawn Horcoff - Rangers : 2 - Islanders : 2.
15:54 of 1st period - Tyler Bozak wins face-off versus Brad Richards in neutral zone.
16:14 of 1st period - Brad Richards is hit by Josh Manson and loses puck.
17:07 of 1st period - Off-side.
17:08 of 1st period - Shawn Horcoff wins face-off versus Benoit Pouliot in neutral zone.
17:21 of 1st period - Shot by Benoit Pouliot.
17:21 of 1st period - Stopped by Braden Holtby without a rebound.
17:22 of 1st period - Nate Thompson wins face-off versus Connor McDavid in Islanders zone.
17:24 of 1st period - Icing by Andy Greene.
17:25 of 1st period - Connor McDavid wins face-off versus Mike Angelidis in Islanders zone.
17:34 of 1st period - Mike Angelidis is hit by Craig Smith and loses puck.
17:51 of 1st period - Shot by Erik Condra.
17:51 of 1st period - Deflect By Mike Angelidis.
17:51 of 1st period - Stopped by Scott Darling with a rebound.
17:53 of 1st period - Shot by Brandon Davidson.
17:53 of 1st period - Shot Blocked by Chris Tanev.
17:55 of 1st period - Shot by Andy Greene.
17:55 of 1st period - Stopped by Scott Darling without a rebound.
17:56 of 1st period - Pierre-Alexandr Parenteau wins face-off versus Brad Richards in Rangers zone.
18:29 of 1st period - Shot by Brad Richards.
18:29 of 1st period - Shot Misses the Net.
19:06 of 1st period - Shot by Tyler Bozak.
19:06 of 1st period - Shot Misses the Net.
Goals for this period are 2 for Rangers vs 2 for Islanders.
Shots for this period are 12 for Rangers vs 10 for Islanders.

2nd period


0:01 of 2nd period - Shawn Horcoff wins face-off versus Brad Richards in neutral zone.
0:06 of 2nd period - Shot by Niklas Hjalmarsson.
0:06 of 2nd period - Stopped by Scott Darling without a rebound.
0:07 of 2nd period - Brad Richards wins face-off versus Tyler Bozak in Rangers zone.
0:23 of 2nd period - Shot by Patrick Sharp.
0:23 of 2nd period - Stopped by Scott Darling without a rebound.
0:24 of 2nd period - Benoit Pouliot wins face-off versus Pierre-Alexandr Parenteau in Rangers zone.
0:43 of 2nd period - Shot by Pierre-Alexandr Parenteau.
0:43 of 2nd period - Shot Blocked by Joel Edmundson.
0:45 of 2nd period - Shot by Shawn Horcoff.
0:45 of 2nd period - Deflect By Pierre-Alexandr Parenteau.
0:45 of 2nd period - Shot Misses the Net.
1:05 of 2nd period - Shot by Matt Calvert.
1:05 of 2nd period - Stopped by Braden Holtby without a rebound.
1:06 of 2nd period - Connor McDavid wins face-off versus Tyler Bozak in Islanders zone.
1:10 of 2nd period - Icing by Mark Fayne.
1:11 of 2nd period - Connor McDavid wins face-off versus Tyler Bozak in Islanders zone.
1:25 of 2nd period - Patrick Sharp is hit by Alex Goligoski and loses puck.
1:31 of 2nd period - Tyler Bozak is hit by Alex Goligoski and loses puck.
2:03 of 2nd period - Off-side.
2:04 of 2nd period - Nate Thompson wins face-off versus Brad Richards in neutral zone.
2:25 of 2nd period - Shot by Benoit Pouliot.
2:25 of 2nd period - Shot Misses the Net.
2:45 of 2nd period - Shot by Brandon Davidson.
2:45 of 2nd period - Shot Misses the Net.
4:04 of 2nd period - Shot by Connor McDavid.
4:04 of 2nd period - Deflect By Tomas Tatar.
4:04 of 2nd period - Shot Misses the Net.
4:18 of 2nd period - Shot by Tyler Bozak.
4:18 of 2nd period - Stopped by Scott Darling without a rebound.
4:19 of 2nd period - Andy Andreoff wins face-off versus Cedric Paquette in Rangers zone.
4:30 of 2nd period - Shot by David Legwand.
4:30 of 2nd period - Goal by David Legwand - Rangers : 2 - Islanders : 3.
4:31 of 2nd period - Cedric Paquette wins face-off versus Nate Thompson in neutral zone.
4:33 of 2nd period - Off-side.
4:34 of 2nd period - Cedric Paquette wins face-off versus Andy Andreoff in neutral zone.
4:59 of 2nd period - Icing by Matt Calvert.
5:00 of 2nd period - Shawn Horcoff wins face-off versus Cedric Paquette in Rangers zone.
5:01 of 2nd period - Shot by Pierre-Alexandr Parenteau.
5:01 of 2nd period - Stopped by Scott Darling with a rebound.
5:36 of 2nd period - Icing by Brandon Davidson.
5:37 of 2nd period - Pierre-Alexandr Parenteau wins face-off versus Connor McDavid in Islanders zone.
6:16 of 2nd period - Shot by Connor McDavid.
6:16 of 2nd period - Deflect By Craig Smith.
6:16 of 2nd period - Stopped by Braden Holtby without a rebound.
6:17 of 2nd period - Benoit Pouliot wins face-off versus Nate Thompson in Islanders zone.
6:21 of 2nd period - Icing by Mark Fayne.
6:22 of 2nd period - Nate Thompson wins face-off versus Brad Richards in Islanders zone.
6:28 of 2nd period - Shot by Erik Condra.
6:28 of 2nd period - Stopped by Scott Darling without a rebound.
6:29 of 2nd period - Brad Richards wins face-off versus Tyler Bozak in Rangers zone.
6:38 of 2nd period - Shot by Benoit Pouliot.
6:38 of 2nd period - Stopped by Braden Holtby without a rebound.
6:39 of 2nd period - Craig Smith wins face-off versus Nate Thompson in Islanders zone.
6:42 of 2nd period - Shot by Tomas Tatar.
6:42 of 2nd period - Shot Misses the Net.
6:44 of 2nd period - Shot by Connor McDavid.
6:44 of 2nd period - Shot Misses the Net.
7:07 of 2nd period - Shot by Tomas Tatar.
7:07 of 2nd period - Shot Misses the Net.
7:16 of 2nd period - Minor Penalty to Craig Smith for Hooking.
7:17 of 2nd period - Jaromir Jagr wins face-off versus Tyler Bozak in Rangers zone.
7:32 of 2nd period - Shot by Tyler Bozak.
7:32 of 2nd period - Stopped by Scott Darling without a rebound.
7:33 of 2nd period - Jaromir Jagr wins face-off versus Pierre-Alexandr Parenteau in Rangers zone.
7:33 of 2nd period - Jaromir Jagr is hit by Pierre-Alexandr Parenteau.
7:49 of 2nd period - Shot by Luca Sbisa.
7:49 of 2nd period - Goal by Luca Sbisa - Rangers : 2 - Islanders : 4.
7:49 of 2nd period - Brian Elliott enters game.
7:50 of 2nd period - Brad Richards wins face-off versus Tyler Bozak in neutral zone.
8:06 of 2nd period - Patrick Sharp is hit by Joel Edmundson and loses puck.
8:34 of 2nd period - Icing by Brandon Davidson.
8:35 of 2nd period - Connor McDavid wins face-off versus Tyler Bozak in Islanders zone.
8:38 of 2nd period - Shot by Tomas Tatar.
8:38 of 2nd period - Shot Blocked by Patrick Sharp.
8:41 of 2nd period - Icing by Andy Greene.
8:42 of 2nd period - Connor McDavid wins face-off versus Tyler Bozak in Islanders zone.
9:09 of 2nd period - Shot by Tomas Tatar.
9:09 of 2nd period - Shot Misses the Net.
9:17 of 2nd period - Shot by Shawn Horcoff.
9:17 of 2nd period - Shot Misses the Net.
9:19 of 2nd period - Shot by Niklas Hjalmarsson.
9:19 of 2nd period - Shot Misses the Net.
9:29 of 2nd period - Shot by Pierre-Alexandr Parenteau.
9:29 of 2nd period - Stopped by Brian Elliott without a rebound.
9:30 of 2nd period - Brad Richards wins face-off versus Andy Andreoff in Rangers zone.
9:55 of 2nd period - Josh Anderson is hit by Chris Tanev and loses puck.
10:48 of 2nd period - Shot by Tyler Ennis.
10:48 of 2nd period - Shot Misses the Net.
11:33 of 2nd period - Minor Penalty to Matt Calvert for Interference.
11:34 of 2nd period - Andy Andreoff wins face-off versus Jaromir Jagr in Rangers zone.
11:55 of 2nd period - Shot by Pierre-Alexandr Parenteau.
11:55 of 2nd period - Shot Blocked by Karl Alzner.
11:57 of 2nd period - Shot by Josh Manson.
11:57 of 2nd period - Shot Blocked by Karl Alzner.
12:36 of 2nd period - Off-side.
12:37 of 2nd period - Tyler Bozak wins face-off versus Brad Richards in neutral zone.
12:46 of 2nd period - Shot by Tyler Bozak.
12:46 of 2nd period - Stopped by Brian Elliott without a rebound.
12:47 of 2nd period - Brad Richards wins face-off versus Andy Andreoff in Rangers zone.
13:08 of 2nd period - Shot by Josh Manson.
13:08 of 2nd period - Shot Misses the Net.
14:17 of 2nd period - Tyler Ennis is hit by Andy Greene and loses puck.
14:25 of 2nd period - Icing by Andy Greene.
14:26 of 2nd period - Shane Doan wins face-off versus Connor McDavid in Islanders zone.
14:47 of 2nd period - Shot by Connor McDavid.
14:47 of 2nd period - Shot Misses the Net.
14:50 of 2nd period - Icing by Niklas Hjalmarsson.
14:51 of 2nd period - Nate Thompson wins face-off versus Brad Richards in Islanders zone.
15:16 of 2nd period - Shot by Benoit Pouliot.
15:16 of 2nd period - Stopped by Braden Holtby without a rebound.
15:17 of 2nd period - Shawn Horcoff wins face-off versus Benoit Pouliot in Islanders zone.
15:58 of 2nd period - Shot by Matt Calvert.
15:58 of 2nd period - Stopped by Braden Holtby without a rebound.
15:59 of 2nd period - Tyler Bozak wins face-off versus Connor McDavid in Islanders zone.
16:17 of 2nd period - Shot by Tyler Bozak.
16:17 of 2nd period - Stopped by Brian Elliott without a rebound.
16:18 of 2nd period - Andy Andreoff wins face-off versus Brad Richards in Rangers zone.
16:22 of 2nd period - David Legwand is hit by Joel Edmundson and loses puck.
16:56 of 2nd period - Brandon Davidson is hit by Joel Edmundson and loses puck.
17:13 of 2nd period - Icing by Brandon Davidson.
17:14 of 2nd period - Andy Andreoff wins face-off versus Connor McDavid in Islanders zone.
17:24 of 2nd period - Minor Penalty to Karl Alzner for Roughing.
17:25 of 2nd period - Matt Calvert wins face-off versus Tyler Bozak in Rangers zone.
17:36 of 2nd period - Shot by Shane Doan.
17:36 of 2nd period - Deflect By Patrick Sharp.
17:36 of 2nd period - Shot Misses the Net.
17:38 of 2nd period - Shot by Shane Doan.
17:38 of 2nd period - Shot Misses the Net.
17:40 of 2nd period - Shot by Josh Manson.
17:40 of 2nd period - Shot Blocked by Alex Goligoski.
17:42 of 2nd period - Shot by Patrick Sharp.
17:42 of 2nd period - Shot Misses the Net.
17:44 of 2nd period - Shot by Shane Doan.
17:44 of 2nd period - Deflect By Tyler Bozak.
17:44 of 2nd period - Shot Misses the Net.
17:46 of 2nd period - Shot by Patrick Sharp.
17:46 of 2nd period - Goal by Patrick Sharp - Rangers : 2 - Islanders : 5.
17:47 of 2nd period - Shawn Horcoff wins face-off versus Connor McDavid in neutral zone.
17:47 of 2nd period - Shawn Horcoff is hit by Connor McDavid.
17:58 of 2nd period - Shot by Connor McDavid.
17:58 of 2nd period - Shot Blocked by Shawn Horcoff.
18:04 of 2nd period - Shot by Connor McDavid.
18:04 of 2nd period - Shot Blocked by Mark Fayne.
18:12 of 2nd period - Shot by Colin Wilson.
18:12 of 2nd period - Shot Blocked by Alex Goligoski.
18:28 of 2nd period - Shot by Connor McDavid.
18:28 of 2nd period - Stopped by Braden Holtby without a rebound.
18:29 of 2nd period - Tyler Bozak wins face-off versus Brad Richards in Islanders zone.
18:48 of 2nd period - Shot by Patrick Sharp.
18:48 of 2nd period - Shot Blocked by Kris Russell.
18:50 of 2nd period - Shot by Andy Greene.
18:50 of 2nd period - Shot Misses the Net.
18:52 of 2nd period - Shot by Tyler Bozak.
18:52 of 2nd period - Shot Misses the Net.
18:54 of 2nd period - Shot by Tyler Bozak.
18:54 of 2nd period - Stopped by Brian Elliott without a rebound.
18:55 of 2nd period - Nate Thompson wins face-off versus Benoit Pouliot in Rangers zone.
19:13 of 2nd period - Icing by Fredrik Claesson.
19:14 of 2nd period - Benoit Pouliot wins face-off versus Shawn Horcoff in Rangers zone.
19:29 of 2nd period - Off-side.
19:30 of 2nd period - Connor McDavid wins face-off versus Tyler Bozak in neutral zone.
19:43 of 2nd period - Shot by Patrick Sharp.
19:43 of 2nd period - Shot Misses the Net.
Goals for this period are 0 for Rangers vs 3 for Islanders.
Shots for this period are 6 for Rangers vs 13 for Islanders.

3rd period


0:01 of 3rd period - Brad Richards wins face-off versus Shawn Horcoff in neutral zone.
0:22 of 3rd period - Shot by Colin Wilson.
0:22 of 3rd period - Deflect By Pierre-Alexandr Parenteau.
0:22 of 3rd period - Shot Misses the Net.
0:24 of 3rd period - Shot by Josh Manson.
0:24 of 3rd period - Stopped by Brian Elliott without a rebound.
0:25 of 3rd period - Tyler Bozak wins face-off versus Connor McDavid in Rangers zone.
0:32 of 3rd period - Shot by Shane Doan.
0:32 of 3rd period - Stopped by Brian Elliott without a rebound.
0:33 of 3rd period - Connor McDavid wins face-off versus Tyler Bozak in Rangers zone.
0:43 of 3rd period - Minor Penalty to Luca Sbisa for Tripping.
0:44 of 3rd period - Shawn Horcoff wins face-off versus Connor McDavid in Islanders zone.
0:55 of 3rd period - Shot by Connor McDavid.
0:55 of 3rd period - Shot Misses the Net.
1:03 of 3rd period - Shot by Chris Tanev.
1:03 of 3rd period - Shot Misses the Net.
1:05 of 3rd period - Shot by Benoit Pouliot.
1:05 of 3rd period - Shot Blocked by Mark Fayne.
1:38 of 3rd period - Shot by Tomas Tatar.
1:38 of 3rd period - Shot Misses the Net.
1:40 of 3rd period - Shot by Fredrik Claesson.
1:40 of 3rd period - Deflect By Tomas Tatar.
1:40 of 3rd period - Shot Misses the Net.
1:42 of 3rd period - Shot by Fredrik Claesson.
1:42 of 3rd period - Shot Blocked by Andy Greene.
1:44 of 3rd period - Shot by Cedric Paquette.
1:44 of 3rd period - Deflect By Tomas Tatar.
1:44 of 3rd period - Stopped by Braden Holtby without a rebound.
1:45 of 3rd period - Nate Thompson wins face-off versus Cedric Paquette in Islanders zone.
1:59 of 3rd period - Off-side.
2:00 of 3rd period - Nate Thompson wins face-off versus Cedric Paquette in neutral zone.
3:06 of 3rd period - Luca Sbisa and Chris Tanev fight to a draw.
3:06 of 3rd period - Penalty to Luca Sbisa for Fighting.
3:06 of 3rd period - Penalty to Chris Tanev for Fighting.
3:06 of 3rd period - Patrick Sharp and Jaromir Jagr fight to a draw.
3:06 of 3rd period - Penalty to Patrick Sharp for Fighting.
3:06 of 3rd period - Penalty to Jaromir Jagr for Fighting.
3:06 of 3rd period - Penalty to Patrick Sharp for instigated a fight.
3:06 of 3rd period - Patrick Sharp is ejected from game.
3:06 of 3rd period - Minor Penalty to Mark Fayne for Cross-checking.
3:06 of 3rd period - Minor Penalty to Benoit Pouliot for Roughing.
3:06 of 3rd period - Double Minor Penalty to Shane Doan for High sticking.
3:07 of 3rd period - Shawn Horcoff wins face-off versus Connor McDavid in Islanders zone.
3:54 of 3rd period - Shot by Fredrik Claesson.
3:54 of 3rd period - Shot Misses the Net.
3:58 of 3rd period - Shot by Craig Smith.
3:58 of 3rd period - Shot Misses the Net.
4:00 of 3rd period - Shot by Cedric Paquette.
4:00 of 3rd period - Deflect By Craig Smith.
4:00 of 3rd period - Shot Misses the Net.
4:02 of 3rd period - Shot by Fredrik Claesson.
4:02 of 3rd period - Goal by Fredrik Claesson - Rangers : 3 - Islanders : 5.
4:03 of 3rd period - David Legwand wins face-off versus Cedric Paquette in neutral zone.
4:28 of 3rd period - Shot by Tyler Ennis.
4:28 of 3rd period - Shot Blocked by Brandon Davidson.
4:51 of 3rd period - Shot by Brad Richards.
4:51 of 3rd period - Goal by Brad Richards - Rangers : 4 - Islanders : 5.
4:52 of 3rd period - Nate Thompson wins face-off versus Connor McDavid in neutral zone.
6:45 of 3rd period - Shot by Craig Smith.
6:45 of 3rd period - Stopped by Braden Holtby without a rebound.
6:46 of 3rd period - Nate Thompson wins face-off versus Cedric Paquette in Islanders zone.
7:01 of 3rd period - Shot by Cedric Paquette.
7:01 of 3rd period - Shot Misses the Net.
7:03 of 3rd period - Shot by Fredrik Claesson.
7:03 of 3rd period - Stopped by Braden Holtby without a rebound.
7:04 of 3rd period - Connor McDavid wins face-off versus David Legwand in Islanders zone.
7:16 of 3rd period - Matt Calvert is hit by Josh Manson and loses puck.
7:49 of 3rd period - Shot by Brad Richards.
7:49 of 3rd period - Stopped by Braden Holtby without a rebound.
7:50 of 3rd period - Connor McDavid wins face-off versus Josh Anderson in Islanders zone.
8:08 of 3rd period - Mark Fayne is hit by Craig Smith and loses puck.
8:21 of 3rd period - Connor McDavid is hit by Josh Anderson and loses puck.
9:48 of 3rd period - Shot by Shane Doan.
9:48 of 3rd period - Shot Misses the Net.
10:00 of 3rd period - Shot by Tyler Ennis.
10:00 of 3rd period - Deflect By Matt Calvert.
10:00 of 3rd period - Stopped by Braden Holtby without a rebound.
10:01 of 3rd period - Andy Andreoff wins face-off versus Cedric Paquette in Islanders zone.
10:23 of 3rd period - Off-side.
10:24 of 3rd period - Tyler Bozak wins face-off versus Connor McDavid in neutral zone.
10:27 of 3rd period - Shot by Shane Doan.
10:27 of 3rd period - Stopped by Brian Elliott without a rebound.
10:28 of 3rd period - Shawn Horcoff wins face-off versus Brad Richards in Rangers zone.
10:31 of 3rd period - Shot by Pierre-Alexandr Parenteau.
10:31 of 3rd period - Stopped by Brian Elliott without a rebound.
10:32 of 3rd period - Connor McDavid wins face-off versus Shawn Horcoff in Rangers zone.
10:34 of 3rd period - Icing by Karl Alzner.
10:35 of 3rd period - Connor McDavid wins face-off versus Shawn Horcoff in Rangers zone.
10:40 of 3rd period - Niklas Hjalmarsson is hit by Craig Smith and loses puck.
10:55 of 3rd period - Icing by Josh Manson.
10:56 of 3rd period - Brad Richards wins face-off versus Shawn Horcoff in Islanders zone.
11:05 of 3rd period - Shot by Jaromir Jagr.
11:05 of 3rd period - Shot Misses the Net.
11:07 of 3rd period - Shot by Kris Russell.
11:07 of 3rd period - Stopped by Braden Holtby without a rebound.
11:08 of 3rd period - Connor McDavid wins face-off versus Mike Angelidis in Islanders zone.
11:08 of 3rd period - Connor McDavid is hit by Brandon Davidson.
11:17 of 3rd period - Tomas Tatar is hit by Brandon Davidson and loses puck.
11:31 of 3rd period - Mike Angelidis is hit by Karl Alzner and loses puck.
11:36 of 3rd period - Shot by Tyler Bozak.
11:36 of 3rd period - Stopped by Brian Elliott without a rebound.
11:37 of 3rd period - Brad Richards wins face-off versus Colin Wilson in Rangers zone.
11:44 of 3rd period - Shot by Jaromir Jagr.
11:44 of 3rd period - Deflect By Benoit Pouliot.
11:44 of 3rd period - Stopped by Braden Holtby without a rebound.
11:45 of 3rd period - Shawn Horcoff wins face-off versus Brad Richards in Islanders zone.
12:04 of 3rd period - Shot by Pierre-Alexandr Parenteau.
12:04 of 3rd period - Shot Blocked by Jaromir Jagr.
12:33 of 3rd period - Off-side.
12:34 of 3rd period - Craig Smith wins face-off versus Tyler Bozak in neutral zone.
13:26 of 3rd period - Minor Penalty to Tyler Ennis for High sticking.
13:27 of 3rd period - Andy Andreoff wins face-off versus Jaromir Jagr in Rangers zone.
13:43 of 3rd period - Off-side.
13:44 of 3rd period - Andy Andreoff wins face-off versus Matt Calvert in neutral zone.
13:55 of 3rd period - Shot by Colin Wilson.
13:55 of 3rd period - Shot Misses the Net.
13:57 of 3rd period - Shot by Luca Sbisa.
13:57 of 3rd period - Shot Misses the Net.
13:59 of 3rd period - Shot by Josh Manson.
13:59 of 3rd period - Shot Misses the Net.
14:01 of 3rd period - Shot by Colin Wilson.
14:01 of 3rd period - Stopped by Brian Elliott without a rebound.
14:02 of 3rd period - Jaromir Jagr wins face-off versus Andy Andreoff in Rangers zone.
14:23 of 3rd period - Shot by Tyler Bozak.
14:23 of 3rd period - Goal by Tyler Bozak - Rangers : 4 - Islanders : 6.
14:24 of 3rd period - Connor McDavid wins face-off versus Nate Thompson in neutral zone.
14:40 of 3rd period - Shot by Mark Fayne.
14:40 of 3rd period - Stopped by Brian Elliott with a rebound.
14:42 of 3rd period - Shot by Mike Angelidis.
14:42 of 3rd period - Stopped by Brian Elliott without a rebound.
14:43 of 3rd period - Brad Richards wins face-off versus Shawn Horcoff in Rangers zone.
14:53 of 3rd period - Icing by Joel Edmundson.
14:54 of 3rd period - Brad Richards wins face-off versus Tyler Bozak in Rangers zone.
15:15 of 3rd period - Icing by Brandon Davidson.
15:16 of 3rd period - Tyler Bozak wins face-off versus Connor McDavid in Islanders zone.
15:43 of 3rd period - Shot by Tyler Bozak.
15:43 of 3rd period - Stopped by Brian Elliott without a rebound.
15:44 of 3rd period - Brad Richards wins face-off versus Shawn Horcoff in Rangers zone.
15:46 of 3rd period - Icing by Benoit Pouliot.
15:47 of 3rd period - Shawn Horcoff wins face-off versus Brad Richards in Rangers zone.
16:02 of 3rd period - Shot by Shawn Horcoff.
16:02 of 3rd period - Stopped by Brian Elliott with a rebound.
16:59 of 3rd period - Shot by Tyler Bozak.
16:59 of 3rd period - Stopped by Brian Elliott with a rebound.
17:44 of 3rd period - Minor Penalty to Fredrik Claesson for Cross-checking.
17:45 of 3rd period - Colin Wilson wins face-off versus Jaromir Jagr in Rangers zone.
17:58 of 3rd period - Shot by Luca Sbisa.
17:58 of 3rd period - Stopped by Brian Elliott with a rebound.
18:31 of 3rd period - Off-side.
18:32 of 3rd period - Tyler Bozak wins face-off versus Jaromir Jagr in neutral zone.
19:25 of 3rd period - Shot by Tyler Bozak.
19:25 of 3rd period - Stopped by Brian Elliott without a rebound.
19:26 of 3rd period - Tyler Bozak wins face-off versus Jaromir Jagr in Rangers zone.
Goals for this period are 2 for Rangers vs 1 for Islanders.
Shots for this period are 9 for Rangers vs 14 for Islanders.